 Dungeon Crawl Stone Soup version 0.30.1-3-gfc49f6343a (webtiles) character file.

Game seed: 2561789578301065084

215 EnsignRicky the Trooper (level 5, -1/75 HPs)
             Began as a Minotaur Monk on July 22, 2023.
             Splashed by a jelly's acid (3 damage)
             ... on level 3 of the Dungeon.
             The game lasted 00:21:37 (2112 turns).

EnsignRicky the Trooper (Minotaur Monk)             Turns: 2112, Time: 00:21:37

Health: -1/75      AC: 10    Str: 17    XL:     5   Next: 60%
Magic:  4/4        EV:  2    Int:  7    God:
Gold:   231        SH:  0    Dex: 13    Spells: 4/4 levels left

rFire   . . .        n - +2 whip (pain)
rCold   . . .        d - orb {light}
rNeg    . . .        o - melded +0 chain mail
rPois   +            (helmet currently unavailable)
rElec   .            h - melded +0 cloak
rCorr   .            (gloves currently unavailable)
SInv    .            k - melded +0 pair of boots
Will    .....        (no amulet)
Stlth   +            (no ring)
HPRegen 0.32/turn    (no ring)
MPRegen 0.09/turn

%: no passive effects
@: tree-form, corroded, glowing
A: stationary, stasis, torment immunity, boosted hp, (horns 2), (retaliatory
headbutt)
a: no special abilities


You were on level 3 of the Dungeon.
You were a tree.
You visited 1 branch of the dungeon, and saw 3 of its levels.

You collected 231 gold pieces.

Inventory:

Hand Weapons
 a - a +0 mace
 e - a +0 spear
 g - a +1 dagger of holy wrath
 n - a +2 whip of pain (weapon)
Armour
 d - an orb of light (worn)
 h - a +0 cloak (melded)
 k - a +0 pair of boots (melded)
 o - a +0 chain mail (melded)
Wands
 m - a wand of polymorph (11)
Scrolls
 f - 3 scrolls of poison
 i - a scroll of fear
Potions
 c - a potion of ambrosia
 j - a potion of invisibility


   Skills:
 + Level 6.0 Fighting
 + Level 4.2(4.4) Maces & Flails
 - Level 3.3(3.5) Polearms
 - Level 1.8(3.9) Staves
 - Level 3.3 Dodging


You had 4 spell levels left.
You didn't know any spells.
Your spell library contained the following spells:

 Spells                   Type           Power      Damage    Failure   Level
 Tukima's Dance           Hex            0%         N/A       80%         3
 Olgreb's Toxic Radiance  Pois           0%         N/A       99%         4
 Passage of Golubria      Tloc           0%         N/A       99%         4
 Yara's Violent Unravell  Hex/Tmut       0%         3d3       100%        5
 Discord                  Hex            0%         N/A       100%        8
 Ignition                 Fire           0%         3d3       100%        8


Dungeon Overview and Level Annotations

Branches:
Dungeon (3/15)

Altars:


Innate Abilities, Weirdness & Mutations

You are a tree.
Your roots penetrate the ground, keeping you stationary.
You cannot be teleported.
You are immune to unholy pain and torment.
Your maximum health is greatly increased.
Your equipment is partially melded.
((You have a pair of horns on your head.))
((You reflexively headbutt those who attack you in melee.))


Message History

You kill the endoplasm!
You hit the endoplasm but do no damage. You whack the endoplasm!
You kill the endoplasm!
You hit the jelly.
Your hands burn!
You headbutt the jelly, but do no damage.
The jelly is lightly wounded.
The jelly closely misses you.
You hit the jelly.
Your hands burn!
The jelly is lightly wounded.
The jelly hits you.
You are splashed with acid!
You hit the jelly. The acid corrodes you!
Your hands burn!
The jelly is lightly wounded.
The jelly hits you. The acid corrodes you!
You are splashed with acid.
You hit the jelly but do no damage.
Your hands burn!
The jelly is lightly wounded.
The jelly barely misses you.
You hit the jelly but do no damage.
Your hands burn!
* * * LOW HITPOINT WARNING * * *
The jelly is lightly wounded.
The jelly hits you.
* * * LOW HITPOINT WARNING * * *
You are splashed with acid!
* * * LOW HITPOINT WARNING * * *
You feel better.
The jelly jiggles.
The jelly hits you.
* * * LOW HITPOINT WARNING * * *
You are splashed with acid!
* * * LOW HITPOINT WARNING * * *
Unknown command.
Really quaff the potion of lignification? [Y]es or [N]o only, please.
Really quaff the potion of lignification?
You turn into a tree.
Your +0 cloak melds into your body.
Your +0 pair of boots melds into your body.
Your +0 chain mail melds into your body.
Your roots penetrate the ground.
The jelly hits you but does no damage.
You hit the jelly but do no damage.
Your branches burn!
You die...

.......# ##.....##
.......# #.......#
.......# #.......#
.......# #.......#
.......# #.......#
.......# ####....#
.......####..'....#
........##.########
........###..)..♣##
.....##.# #######J#
#######.#


÷PJP.J.JJ# #.# ..JJ...J.# #.# ...P.P.P.# ## #.# .÷...P...# .# #.# .J÷.J÷.÷.# .##
#.# $.÷P...÷.# ..#####.# ########## You could see 2 jellies and 2 endoplasms.

Vanquished Creatures
  An ice beast (D:3)
  A jelly (D:3)
  3 adders (D:2)
  A worm (D:2)
  3 dart slugs
  5 ball pythons
  5 endoplasms
  3 giant cockroaches
  A goblin (D:2)
  5 hobgoblins
  7 jackals (D:1)
  2 quokkas (D:1)
  3 bats
  2 frilled lizards
  11 kobolds
  A rat (D:1)
54 creatures vanquished.

Notes
Turn   | Place    | Note
-------+----------+-------------------------------------------
     0 | D:1      | EnsignRicky the Minotaur Monk began the quest for the Orb.
     0 | D:1      | Reached XP level 1. HP: 19/19 MP: 0/0
   131 | D:1      | Reached skill level 4 in Fighting
   131 | D:1      | Reached XP level 2. HP: 26/27 MP: 1/1
   309 | D:1      | Reached skill level 1 in Staves
   521 | D:1      | Found a faded altar of an unknown god.
   600 | D:1      | Reached XP level 3. HP: 26/34 MP: 2/2
   967 | D:2      | Reached skill level 1 in Polearms
  1617 | D:3      | Noticed an ice beast
  1628 | D:2      | Reached XP level 4. HP: 11/41 MP: 3/3
  1840 | D:3      | Killed an ice beast
  1841 | D:3      | Reached skill level 5 in Fighting
  1841 | D:3      | Reached XP level 5. HP: 33/50 MP: 4/4
  2100 | D:3      | Reached skill level 6 in Fighting
  2110 | D:3      | HP: 1/50 [acid (11)]
  2112 | D:3      | Splashed by a jelly's acid

Illustrated notes

Levels and vault maps discovered:
D:1:      saegor_arrival_simple_b, layout_loops_ring,
          shapermc_ecumenical_altar_hornbeckon
D:2:      layout_loops_ring
D:3:      cheibrodos_fertilizer, layout_rooms

Skill      XL: |  1  2  3  4  5 |
---------------+----------------+-----
Fighting       | 4 5 6 |  6.0
Staves         | 1 |  1.8
Polearms       | 1 3 |  3.3
Maces & Flails | 4 |  4.2
Dodging        | |  3.3

Action                     |  1- 3 |  4- 6 || total
---------------------------+-------+-------++-------
  Melee: Mace              |     8 |       ||     8
         Spear             |    75 |    39 ||   114
         Headbutt          |    12 |    11 ||    23
         Whip              |       |    15 ||    15
    Use: Scroll            |     5 |     1 ||     6
         Potion            |     3 |     2 ||     5
 Armour: Robe              |    13 |       ||    13
         Leather armour    |     4 |       ||     4
         Chain mail        |       |    17 ||    17
         Skin              |       |     1 ||     1
  Dodge: Dodged            |    48 |    11 ||    59
